Workbook
Name ENGIE_SAVELYS: 'ENGIE SAVELYS'!$A$12:$J$29

Sheet Données générales
B1: Données générales
B4: Nom de la structure
B5: Année de création | C5: 1973
B6: Fin de l'exercice | C6: 31/12
B7: Année de l'exercice à saisir | C7: 2025
B8: Monnaie | C8: €
B9: Régime fiscal | C9: Non impôts commerciaux
B10: Taux de tva | C10: 0
B11: Modalités de paiement des dettes sociales | C11: Par mois
C13: 0094055S028

Sheet Nomenclature des comptes
B1: Nomenclature des comptes
A4: * | B4: N° de compte | C4: Intitulé des comptes
C5: CLASSE 1
C6: 10. FONDS ASSOCIATIFS ET RESERVES
B7: 102000 | C7: 102. Fonds associatifs sans droit de reprise
B8: 102100 | C8: 1021. Valeur du patrimoine intégré
B9: 102200 | C9: 1022. Fonds statutaires (à éclater en fonction des statuts)
B10: 102400 | C10: 1024. Apports sans droit de reprise
B11: 102500 | C11: 1025. Legs et donations avec contrepartie d'actifs immobilisés
B12: 102600 | C12: 1026. Subventions d'investissement affectées à des biens renouvelables
B13: 103000 | C13: 103. Fonds associatifs avec droit de reprise
B14: 103400 | C14: 1034. Apports avec droit de reprise
B15: 103500 | C15: 1035. Legs et donations avec contrepartie d'actifs immobilisés assortis d'une obligation
B16: 103600 | C16: 1036. Subventions d'investissement affectées à des biens renouvelables
B17: 105000 | C17: 105. Ecarts de réévaluation
B18: 105100 | C18: 1051. Ecarts de réévaluation sur des biens sans droit de reprise
... B24: 106800 | C24: 1068. Autres réserves (dont réserves pour projet associatif)
C25: 11 ELEMENTS EN INSTANCE D'AFFECTATION
B26: 110000 | C26: 110. Report à nouveau
B27: 115000 | C27: 115. Résultats sous contrôle de tiers financeurs
B28: 119000 | C28: 119. Report à nouveau (solde débiteur)
C29: 12 RESULTAT NET DE L'EXERCICE (EXCEDENT OU DEFICIT)
B30: 120000 | C30: 120. Résultat de l'exercice (excédent)
B31: 129000 | C31: 129. Résultat de l'exercice (déficit)
C32: 13 Subventions d'investissements affectées à des biens non renouvelables
B33: 131000 | C33: 131. Subventions d'investissement (renouvelables)
B34: 131100 | C34: 1311 Etat
B35: 131200 | C35: 1312 Régions
B36: 131300 | C36: 1313 Départements
B37: 131400 | C37: 1314 Communes
B38: 131500 | C38: 1315 Collectivités publiques
B39: 131600 | C39: 1316 Entreprises publiques
B40: 131700 | C40: 1317 Entreprises et organismes privés
B41: 131800 | C41: 1318 Autres
B42: 138000 | C42: 138. Autres subventions d'investissement
B43: 139000 | C43: 139. Subventions d'investissements inscrites au compte de résultat
C44: 14 PROVISIONS REGLEMENTEES
B45: 142000 | C45: 142. Provisions réglementées relatives aux immobilisations
B46: 142400 | C46: 1424. Provisions pour investissement (participation des salariés)
B47: 143000 | C47: 143. Provisions réglementées relatives aux stocks
B48: 143100 | C48: 1431 Hausse des prix
B49: 143200 | C49: 1432 Fluctuation des cours
B50: 144000 | C50: 144. Provisions réglementées relatives aux autres éléments de l'actif
B51: 145000 | C51: 145. Amortissements dérogatoires
B52: 146000 | C52: 146. Provision spéciale de réévaluation
B53: 148000 | C53: 148. Autres provisions réglementées
C54: 15 PROVISIONS POUR RISQUES ET CHARGES
B55: 151000 | C55: 151. Provisions pour risques
B56: 151100 | C56: 1511. Provisions pour litiges
B57: 151400 | C57: 1514. Provisions pour amendes et pénalités
B58: 151500 | C58: 1515. Provisions pour pertes de change
B59: 151600 | C59: 1516. Provisions pour risques d'emploi
B60: 151800 | C60: 1518. Autres provisions pour risques
B61: 153000 | C61: 153. Provisions pour pensions et obligations similaires
B62: 155000 | C62: 155. Provisions pour impôts
B63: 157000 | C63: 157. Provisions pour charges à répartir sur plusieurs exercices
B64: 157200 | C64: 1572. Provisions pour grosses réparations
B65: 158000 | C65: 158. Autres provisions pour charges
B66: 158200 | C66: 1582. Provisions pour charges sociales et fiscales sur congés à payer
C67: 16 EMPRUNTS ET DETTES ASSIMILEES
B68: 164000 | C68: 164. Emprunts auprès des établissements de crédit
B69: 164100 | C69: 1641. Emprunts (à détailler)
B70: 165000 | C70: 165. Dépôts et cautionnements reçus
B71: 165100 | C71: 1651. Dépôts
B72: 165500 | C72: 1655.Cautionnements
B73: 166000 | C73: 166. Participation des salariés aux résultats.
B74: 166100 | C74: 1661. Comptes bloqués
B75: 166200 | C75: 1662.Fonds de participation
B76: 167000 | C76: 167. Emprunts et dettes assortis de conditions particulières
B77: 167200 | C77: 1672. Titres associatifs
B78: 168000 | C78: 168. Autres emprunts et dettes assimilées
B79: 169100 | C79: 1681. Autres emprunts (à détailler)
... B84: 170000 | C84: 17. DETTES RATTACHEES A DES PARTICIPATIONS
C85: 18. COMPTES DE LIAISON DES ETABLISSEMENTS (AVEC LE SIEGE SOCIAL OU ENTRE EUX)
B86: 181000 | C86: 181. Apports permanents entre siège social et établissements
B87: 185000 | C87: 185. Biens et prestations de services échangés entre établissements et le siège social
B88: 186000 | C88: 186. Biens et prestations de services échangés entre établissements (charges)
B89: 187000 | C89: 187.Biens et prestations de services échangés entre établissements (produits)
B90: 190000 | C90: 19. FONDS DEDIES
B91: 193000 | C91: 193. fonds dédiés sur apports
B92: 194000 | C92: 194. Fonds dédiés sur subventions de fonctionnement
B93: 195000 | C93: 195. Fonds dédiés sur dons manuels affectés
B94: 197000 | C94: 197. Fonds dédiés sur legs et donations affectés
C95: CLASSE 2
C96: 20. IMMOBILISATIONS INCORPORELLES
B97: 201000 | C97: 201. Frais d'établissement
B98: 203000 | C98: 203. Frais de recherche et développement
B99: 205000 | C99: 205. Concessions et droits similaires, brevets, licences, marques, procédés, logiciels, droits et valeurs similaires
B100: 206000 | C100: 206. Droit au bail
B101: 208000 | C101: 208. Autres immobilisations incorporelles
C102: 21. IMMOBILISATIONS CORPORELLES
B103: 211000 | C103: 211. Terrains
B104: 212000 | C104: 212. Agencements et aménagements de terrains
B105: 213000 | C105: 213.Constructions
B106: 214000 | C106: 214. Constructions sur sol d'autrui
B107: 215000 | C107: 215. Installations techniques, matériel et outillage industriels
B108: 218000 | C108: 218. Autres immobilisations corporelles
C109: 22. IMMOBILISATIONS MISES EN CONCESSION
B110: 228000 | C110: 228. Immobilisations grevées de droits
B111: 229000 | C111: 229. Droits des propriétaires
...

Sheet Clé de répartition
A1: Clé de répartition (compta analytique)
A4: Clé de répartition | B4: Libellé

Sheet Journal
A1: Journal
F4: TOTAL | G4: TOTAL
F5: =SUM(F8:F2539) -> 9859.9955 | G5: =SUM(G8:G2539) -> 9859.996
A7: N° | B7: Date | C7: N° compte | D7: Intitulé | E7: Libellé de l'écriture | F7: Débit | G7: Crédit | H7: Clé
A8: 1 | B8: 45292 | C8: 110000 | D8: =IF(C8="","",VLOOKUP(C8,'Nomenclature des comptes'!$B$4:$C$646,2)) -> 110. Report à nouveau | E8: Report banque | F8: 48.93 | H8: Banque
A9: 2 | B9: 44927 | C9: 512000 | D9: =IF(C9="","",VLOOKUP(C9,'Nomenclature des comptes'!$B$4:$C$646,2)) -> 0 | E9: Report banque | G9: 48.93
A10: 3 | D10: =IF(C10="","",VLOOKUP(C10,'Nomenclature des comptes'!$B$4:$C$646,2))
A11: 4 | D11: =IF(C11="","",VLOOKUP(C11,'Nomenclature des comptes'!$B$4:$C$646,2))
A12: 5 | B12: 45292 | C12: 514001 | D12: =IF($C12="","",VLOOKUP($C12,'Nomenclature des comptes'!$B$4:$C$646,2)) -> 0 | E12: Report exercice précédent | F12: 213.31397 | H12: REPORT_EXERCICE
A13: 6 | B13: 45292 | C13: 514002 | D13: =IF($C13="","",VLOOKUP($C13,'Nomenclature des comptes'!$B$4:$C$646,2)) -> 0 | E13: Report exercice précédent | F13: 30.804049 | H13: REPORT_EXERCICE
A14: 7 | B14: 45292 | C14: 514003 | D14: =IF($C14="","",VLOOKUP($C14,'Nomenclature des comptes'!$B$4:$C$646,2)) -> 0 | E14: Report exercice précédent | F14: 215.63405 | H14: REPORT_EXERCICE
A15: 8 | B15: 45292 | C15: 514004 | D15: =IF($C15="","",VLOOKUP($C15,'Nomenclature des comptes'!$B$4:$C$646,2)) -> 0 | E15: Report exercice précédent | F15: 68.085425 | H15: REPORT_EXERCICE
A16: 9 | B16: 45292 | C16: 514005 | D16: =IF($C16="","",VLOOKUP($C16,'Nomenclature des comptes'!$B$4:$C$646,2)) -> 0 | E16: Report exercice précédent | F16: 176.80599 | H16: REPORT_EXERCICE
A17: 10 | B17: 45292 | C17: 514006 | D17: =IF($C17="","",VLOOKUP($C17,'Nomenclature des comptes'!$B$4:$C$646,2)) -> 0 | E17: Report exercice précédent | F17: 158.68599 | H17: REPORT_EXERCICE
A18: 11 | B18: 45292 | C18: 514007 | D18: =IF($C18="","",VLOOKUP($C18,'Nomenclature des comptes'!$B$4:$C$646,2)) -> 0 | E18: Report exercice précédent | F18: 72.15 | H18: REPORT_EXERCICE
A19: 12 | B19: 45292 | C19: 514008 | D19: =IF($C19="","",VLOOKUP($C19,'Nomenclature des comptes'!$B$4:$C$646,2)) -> 0 | E19: Report exercice précédent | F19: 166.65 | H19: REPORT_EXERCICE
A20: 13 | B20: 45292 | C20: 514009 | D20: =IF($C20="","",VLOOKUP($C20,'Nomenclature des comptes'!$B$4:$C$646,2)) -> 0 | E20: Report exercice précédent | F20: 0 | H20: REPORT_EXERCICE
A21: 14 | B21: 45292 | C21: 514010 | D21: =IF($C21="","",VLOOKUP($C21,'Nomenclature des comptes'!$B$4:$C$646,2)) -> 0 | E21: Report exercice précédent | F21: 151.4 | H21: REPORT_EXERCICE
A22: 15 | B22: 45292 | C22: 514011 | D22: =IF($C22="","",VLOOKUP($C22,'Nomenclature des comptes'!$B$4:$C$646,2)) -> 0 | E22: Report exercice précédent | F22: 55.88 | H22: REPORT_EXERCICE
A23: 16 | B23: 45292 | C23: 514012 | D23: =IF($C23="","",VLOOKUP($C23,'Nomenclature des comptes'!$B$4:$C$646,2)) -> 0 | E23: Report exercice précédent | F23: 314.39 | H23: REPORT_EXERCICE
... A25: 18 | B25: 45292 | C25: 514014 | D25: =IF($C25="","",VLOOKUP($C25,'Nomenclature des comptes'!$B$4:$C$646,2)) -> 0 | E25: Report exercice précédent | F25: 148.35 | H25: REPORT_EXERCICE
A26: 19 | B26: 45292 | C26: 514015 | D26: =IF($C26="","",VLOOKUP($C26,'Nomenclature des comptes'!$B$4:$C$646,2)) -> 0 | E26: Report exercice précédent | G26: 3.26 | H26: REPORT_EXERCICE
A27: 20 | B27: 45292 | C27: 514016 | D27: =IF($C27="","",VLOOKUP($C27,'Nomenclature des comptes'!$B$4:$C$646,2)) -> 0 | E27: Report exercice précédent | F27: 45.72 | H27: REPORT_EXERCICE
A28: 21 | B28: 45292 | C28: 514017 | D28: =IF($C28="","",VLOOKUP($C28,'Nomenclature des comptes'!$B$4:$C$646,2)) -> 0 | E28: Report exercice précédent | F28: 47.76 | H28: REPORT_EXERCICE
A29: 22 | B29: 45292 | C29: 514018 | D29: =IF($C29="","",VLOOKUP($C29,'Nomenclature des comptes'!$B$4:$C$646,2)) -> 0 | E29: Report exercice précédent | F29: 96.84 | H29: REPORT_EXERCICE
A30: 23 | D30: =IF(C30="","",VLOOKUP(C30,'Nomenclature des comptes'!$B$4:$C$646,2)) | G30: 2070.49
A31: 24 | D31: =IF(C31="","",VLOOKUP(C31,'Nomenclature des comptes'!$B$4:$C$646,2))
A32: 25 | B32: 45657 | C32: 514001 | D32: =IF($C32="","",VLOOKUP($C32,'Nomenclature des comptes'!$B$4:$C$646,2)) -> 0 | E32: Contrat ENGIE P2 - P3 | F32: =VLOOKUP(C52,Répartition_Charges[],9) -> 167.222 | H32: ENGIE
A33: 26 | B33: 45657 | C33: 514002 | D33: =IF($C33="","",VLOOKUP($C33,'Nomenclature des comptes'!$B$4:$C$646,2)) -> 0 | E33: Hors contrat Entretien ENGIE | F33: =VLOOKUP(C53,Répartition_Charges[],9) -> 0 | H33: ENGIE
A34: 27 | B34: 45657 | C34: 514003 | D34: =IF($C34="","",VLOOKUP($C34,'Nomenclature des comptes'!$B$4:$C$646,2)) -> 0 | E34: Contrat ENGIE P2 - P3 | F34: =VLOOKUP(C54,Répartition_Charges[],9) -> 167.222 | H34: ENGIE
A35: 28 | B35: 45657 | C35: 514004 | D35: =IF($C35="","",VLOOKUP($C35,'Nomenclature des comptes'!$B$4:$C$646,2)) -> 0 | E35: Hors contrat Entretien ENGIE | F35: =VLOOKUP(C55,Répartition_Charges[],9) -> 0 | H35: ENGIE
A36: 29 | B36: 45657 | C36: 514005 | D36: =IF($C36="","",VLOOKUP($C36,'Nomenclature des comptes'!$B$4:$C$646,2)) -> 0 | E36: Contrat ENGIE P2 | F36: =VLOOKUP(C56,Répartition_Charges[],9) -> 104.764 | H36: ENGIE
A37: 30 | B37: 45657 | C37: 514006 | D37: =IF($C37="","",VLOOKUP($C37,'Nomenclature des comptes'!$B$4:$C$646,2)) -> 0 | E37: Contrat ENGIE P2 | F37: =VLOOKUP(C57,Répartition_Charges[],9) -> 104.764 | H37: ENGIE
A38: 31 | B38: 45657 | C38: 514007 | D38: =IF($C38="","",VLOOKUP($C38,'Nomenclature des comptes'!$B$4:$C$646,2)) -> 0 | E38: Hors contrat Entretien ENGIE | F38: =VLOOKUP(C58,Répartition_Charges[],9) -> 0 | H38: ENGIE
A39: 32 | B39: 45657 | C39: 514008 | D39: =IF($C39="","",VLOOKUP($C39,'Nomenclature des comptes'!$B$4:$C$646,2)) -> 0 | E39: Contrat ENGIE P2 - P3 | F39: =VLOOKUP(C59,Répartition_Charges[],9) -> 104.764 | H39: ENGIE
A40: 33 | B40: 45657 | C40: 514009 | D40: =IF($C40="","",VLOOKUP($C40,'Nomenclature des comptes'!$B$4:$C$646,2)) -> 0 | E40: Contrat ENGIE P2 - P3 | F40: =VLOOKUP(C60,Répartition_Charges[],9) -> 271.986 | H40: ENGIE
A41: 34 | B41: 45657 | C41: 514010 | D41: =IF($C41="","",VLOOKUP($C41,'Nomenclature des comptes'!$B$4:$C$646,2)) -> 0 | E41: Contrat ENGIE P2 | F41: =VLOOKUP(C61,Répartition_Charges[],9) -> 104.764 | H41: ENGIE
A42: 35 | B42: 45657 | C42: 514011 | D42: =IF($C42="","",VLOOKUP($C42,'Nomenclature des comptes'!$B$4:$C$646,2)) -> 0 | E42: Hors contrat Entretien ENGIE | F42: =VLOOKUP(C62,Répartition_Charges[],9) -> 0 | H42: ENGIE
A43: 36 | B43: 45657 | C43: 514012 | D43: =IF($C43="","",VLOOKUP($C43,'Nomenclature des comptes'!$B$4:$C$646,2)) -> 0 | E43: Contrat ENGIE P2 | F43: =VLOOKUP(C63,Répartition_Charges[],9) -> 104.764 | H43: ENGIE
... A49: 42 | B49: 45657 | C49: 514018 | D49: =IF($C49="","",VLOOKUP($C49,'Nomenclature des comptes'!$B$4:$C$646,2)) -> 0 | E49: Hors contrat Entretien ENGIE | F49: =VLOOKUP(C69,Répartition_Charges[],9) -> 0 | H49: ENGIE
A50: 43 | B50: 45657 | C50: 514000 | D50: =IF(C50="","",VLOOKUP(C50,'Nomenclature des comptes'!$B$4:$C$646,2)) -> 0 | E50: ENGIE SAVELYS | G50: ='Répartitions charges'!I33 -> 1402.236 | H50: ENGIE
A51: 44 | D51: =IF(C51="","",VLOOKUP(C51,'Nomenclature des comptes'!$B$4:$C$646,2))
A52: 45 | B52: 45657 | C52: 514001 | D52: =IF($C52="","",VLOOKUP($C52,'Nomenclature des comptes'!$B$4:$C$646,2)) -> 0 | E52: =Répartition_Charges[[#Headers],[Communs]] -> Communs | F52: =VLOOKUP($C52,Répartition_Charges[],6) -> 0 | H52: COMMUNS
A53: 46 | B53: 45657 | C53: 514002 | D53: =IF($C53="","",VLOOKUP($C53,'Nomenclature des comptes'!$B$4:$C$646,2)) -> 0 | E53: =Répartition_Charges[[#Headers],[Communs]] -> Communs | F53: =VLOOKUP($C53,Répartition_Charges[],6) -> 0 | H53: COMMUNS
A54: 47 | B54: 45657 | C54: 514003 | D54: =IF($C54="","",VLOOKUP($C54,'Nomenclature des comptes'!$B$4:$C$646,2)) -> 0 | E54: =Répartition_Charges[[#Headers],[Communs]] -> Communs | F54: =VLOOKUP($C54,Répartition_Charges[],6) -> 0 | H54: COMMUNS
A55: 48 | B55: 45657 | C55: 514004 | D55: =IF($C55="","",VLOOKUP($C55,'Nomenclature des comptes'!$B$4:$C$646,2)) -> 0 | E55: =Répartition_Charges[[#Headers],[Communs]] -> Communs | F55: =VLOOKUP($C55,Répartition_Charges[],6) -> 0 | H55: COMMUNS
A56: 49 | B56: 45657 | C56: 514005 | D56: =IF($C56="","",VLOOKUP($C56,'Nomenclature des comptes'!$B$4:$C$646,2)) -> 0 | E56: =Répartition_Charges[[#Headers],[Communs]] -> Communs | F56: =VLOOKUP($C56,Répartition_Charges[],6) -> 0 | H56: COMMUNS
A57: 50 | B57: 45657 | C57: 514006 | D57: =IF($C57="","",VLOOKUP($C57,'Nomenclature des comptes'!$B$4:$C$646,2)) -> 0 | E57: =Répartition_Charges[[#Headers],[Communs]] -> Communs | F57: =VLOOKUP($C57,Répartition_Charges[],6) -> 0 | H57: COMMUNS
A58: 51 | B58: 45657 | C58: 514007 | D58: =IF($C58="","",VLOOKUP($C58,'Nomenclature des comptes'!$B$4:$C$646,2)) -> 0 | E58: =Répartition_Charges[[#Headers],[Communs]] -> Communs | F58: =VLOOKUP($C58,Répartition_Charges[],6) -> 0 | H58: COMMUNS
A59: 52 | B59: 45657 | C59: 514008 | D59: =IF($C59="","",VLOOKUP($C59,'Nomenclature des comptes'!$B$4:$C$646,2)) -> 0 | E59: =Répartition_Charges[[#Headers],[Communs]] -> Communs | F59: =VLOOKUP($C59,Répartition_Charges[],6) -> 0 | H59: COMMUNS
A60: 53 | B60: 45657 | C60: 514009 | D60: =IF($C60="","",VLOOKUP($C60,'Nomenclature des comptes'!$B$4:$C$646,2)) -> 0 | E60: =Répartition_Charges[[#Headers],[Communs]] -> Communs | F60: =VLOOKUP($C60,Répartition_Charges[],6) -> 0 | H60: COMMUNS
A61: 54 | B61: 45657 | C61: 514010 | D61: =IF($C61="","",VLOOKUP($C61,'Nomenclature des comptes'!$B$4:$C$646,2)) -> 0 | E61: =Répartition_Charges[[#Headers],[Communs]] -> Communs | F61: =VLOOKUP($C61,Répartition_Charges[],6) -> 0 | H61: COMMUNS
A62: 55 | B62: 45657 | C62: 514011 | D62: =IF($C62="","",VLOOKUP($C62,'Nomenclature des comptes'!$B$4:$C$646,2)) -> 0 | E62: =Répartition_Charges[[#Headers],[Communs]] -> Communs | F62: =VLOOKUP($C62,Répartition_Charges[],6) -> 0 | H62: COMMUNS
A63: 56 | B63: 45657 | C63: 514012 | D63: =IF($C63="","",VLOOKUP($C63,'Nomenclature des comptes'!$B$4:$C$646,2)) -> 0 | E63: =Répartition_Charges[[#Headers],[Communs]] -> Communs | F63: =VLOOKUP($C63,Répartition_Charges[],6) -> 0 | H63: COMMUNS
... A69: 62 | B69: 45657 | C69: 514018 | D69: =IF($C69="","",VLOOKUP($C69,'Nomenclature des comptes'!$B$4:$C$646,2)) -> 0 | E69: =Répartition_Charges[[#Headers],[Communs]] -> Communs | F69: =VLOOKUP($C69,Répartition_Charges[],6) -> 0 | H69: COMMUNS
A70: 63 | B70: 45657 | C70: 514000 | D70: =IF(C70="","",VLOOKUP(C70,'Nomenclature des comptes'!$B$4:$C$646,2)) -> 0 | E70: =Répartition_Charges[[#Headers],[Communs]] -> Communs | G70: ='Répartitions charges'!F18 -> 0 | H70: COMMUNS
A71: 64 | D71: =IF(C71="","",VLOOKUP(C71,'Nomenclature des comptes'!$B$4:$C$646,2))
A72: 65 | B72: 45657 | C72: 514001 | D72: =IF($C72="","",VLOOKUP($C72,'Nomenclature des comptes'!$B$4:$C$646,2)) -> 0 | E72: Assurance Multirisques | F72: =VLOOKUP($C72,Répartition_Charges[],5) -> 16.862348 | H72: ASSURANCE
A73: 66 | B73: 45657 | C73: 514002 | D73: =IF($C73="","",VLOOKUP($C73,'Nomenclature des comptes'!$B$4:$C$646,2)) -> 0 | E73: Assurance Multirisques | F73: =VLOOKUP($C73,Répartition_Charges[],5) -> 17.206478 | H73: ASSURANCE
A74: 67 | B74: 45657 | C74: 514003 | D74: =IF($C74="","",VLOOKUP($C74,'Nomenclature des comptes'!$B$4:$C$646,2)) -> 0 | E74: Assurance Multirisques | F74: =VLOOKUP($C74,Répartition_Charges[],5) -> 17.206478 | H74: ASSURANCE
A75: 68 | B75: 45657 | C75: 514004 | D75: =IF($C75="","",VLOOKUP($C75,'Nomenclature des comptes'!$B$4:$C$646,2)) -> 0 | E75: Assurance Multirisques | F75: =VLOOKUP($C75,Répartition_Charges[],5) -> 23.05668 | H75: ASSURANCE
A76: 69 | B76: 45657 | C76: 514005 | D76: =IF($C76="","",VLOOKUP($C76,'Nomenclature des comptes'!$B$4:$C$646,2)) -> 0 | E76: Assurance Multirisques | F76: =VLOOKUP($C76,Répartition_Charges[],5) -> 25.465587 | H76: ASSURANCE
A77: 70 | B77: 45657 | C77: 514006 | D77: =IF($C77="","",VLOOKUP($C77,'Nomenclature des comptes'!$B$4:$C$646,2)) -> 0 | E77: Assurance Multirisques | F77: =VLOOKUP($C77,Répartition_Charges[],5) -> 25.465587 | H77: ASSURANCE
A78: 71 | B78: 45657 | C78: 514007 | D78: =IF($C78="","",VLOOKUP($C78,'Nomenclature des comptes'!$B$4:$C$646,2)) -> 0 | E78: Assurance Multirisques | F78: =VLOOKUP($C78,Répartition_Charges[],5) -> 24.433198 | H78: ASSURANCE
A79: 72 | B79: 45657 | C79: 514008 | D79: =IF($C79="","",VLOOKUP($C79,'Nomenclature des comptes'!$B$4:$C$646,2)) -> 0 | E79: Assurance Multirisques | F79: =VLOOKUP($C79,Répartition_Charges[],5) -> 22.024291 | H79: ASSURANCE
A80: 73 | B80: 45657 | C80: 514009 | D80: =IF($C80="","",VLOOKUP($C80,'Nomenclature des comptes'!$B$4:$C$646,2)) -> 0 | E80: Assurance Multirisques | F80: =VLOOKUP($C80,Répartition_Charges[],5) -> 20.303644 | H80: ASSURANCE
A81: 74 | B81: 45657 | C81: 514010 | D81: =IF($C81="","",VLOOKUP($C81,'Nomenclature des comptes'!$B$4:$C$646,2)) -> 0 | E81: Assurance Multirisques | F81: =VLOOKUP($C81,Répartition_Charges[],5) -> 16.862348 | H81: ASSURANCE
A82: 75 | B82: 45657 | C82: 514011 | D82: =IF($C82="","",VLOOKUP($C82,'Nomenclature des comptes'!$B$4:$C$646,2)) -> 0 | E82: Assurance Multirisques | F82: =VLOOKUP($C82,Répartition_Charges[],5) -> 18.927126 | H82: ASSURANCE
A83: 76 | B83: 45657 | C83: 514012 | D83: =IF($C83="","",VLOOKUP($C83,'Nomenclature des comptes'!$B$4:$C$646,2)) -> 0 | E83: Assurance Multirisques | F83: =VLOOKUP($C83,Répartition_Charges[],5) -> 16.862348 | H83: ASSURANCE
... A89: 82 | B89: 45657 | C89: 514018 | D89: =IF($C89="","",VLOOKUP($C89,'Nomenclature des comptes'!$B$4:$C$646,2)) -> 0 | E89: Assurance Multirisques | F89: =VLOOKUP($C89,Répartition_Charges[],5) -> 15.82996 | H89: ASSURANCE
A90: 83 | B90: 45657 | C90: 514000 | D90: =IF(C90="","",VLOOKUP(C90,'Nomenclature des comptes'!$B$4:$C$646,2)) -> 0 | E90: Assurance Multirisques | G90: ='Répartitions charges'!E33 -> 340 | H90: ASSURANCE
A91: 84 | D91: =IF(C91="","",VLOOKUP(C91,'Nomenclature des comptes'!$B$4:$C$646,2))
A92: 85 | B92: 45657 | C92: 514001 | D92: =IF($C92="","",VLOOKUP($C92,'Nomenclature des comptes'!$B$4:$C$646,2)) -> 0 | E92: Frais bancaires | F92: =VLOOKUP($C92,Répartition_Charges[],4) -> 5.4038866 | H92: FRAIS BANQUE
A93: 86 | B93: 45657 | C93: 514002 | D93: =IF($C93="","",VLOOKUP($C93,'Nomenclature des comptes'!$B$4:$C$646,2)) -> 0 | E93: Frais bancaires | F93: =VLOOKUP($C93,Répartition_Charges[],4) -> 5.51417 | H93: FRAIS BANQUE
A94: 87 | B94: 45657 | C94: 514003 | D94: =IF($C94="","",VLOOKUP($C94,'Nomenclature des comptes'!$B$4:$C$646,2)) -> 0 | E94: Frais bancaires | F94: =VLOOKUP($C94,Répartition_Charges[],4) -> 5.51417 | H94: FRAIS BANQUE
A95: 88 | B95: 45657 | C95: 514004 | D95: =IF($C95="","",VLOOKUP($C95,'Nomenclature des comptes'!$B$4:$C$646,2)) -> 0 | E95: Frais bancaires | F95: =VLOOKUP($C95,Répartition_Charges[],4) -> 7.3889879 | H95: FRAIS BANQUE
A96: 89 | B96: 45657 | C96: 514005 | D96: =IF($C96="","",VLOOKUP($C96,'Nomenclature des comptes'!$B$4:$C$646,2)) -> 0 | E96: Frais bancaires | F96: =VLOOKUP($C96,Répartition_Charges[],4) -> 8.1609717 | H96: FRAIS BANQUE
A97: 90 | B97: 45657 | C97: 514006 | D97: =IF($C97="","",VLOOKUP($C97,'Nomenclature des comptes'!$B$4:$C$646,2)) -> 0 | E97: Frais bancaires | F97: =VLOOKUP($C97,Répartition_Charges[],4) -> 8.1609717 | H97: FRAIS BANQUE
A98: 91 | B98: 45657 | C98: 514007 | D98: =IF($C98="","",VLOOKUP($C98,'Nomenclature des comptes'!$B$4:$C$646,2)) -> 0 | E98: Frais bancaires | F98: =VLOOKUP($C98,Répartition_Charges[],4) -> 7.8301215 | H98: FRAIS BANQUE
A99: 92 | B99: 45657 | C99: 514008 | D99: =IF($C99="","",VLOOKUP($C99,'Nomenclature des comptes'!$B$4:$C$646,2)) -> 0 | E99: Frais bancaires | F99: =VLOOKUP($C99,Répartition_Charges[],4) -> 7.0581377 | H99: FRAIS BANQUE
A100: 93 | B100: 45657 | C100: 514009 | D100: =IF($C100="","",VLOOKUP($C100,'Nomenclature des comptes'!$B$4:$C$646,2)) -> 0 | E100: Frais bancaires | F100: =VLOOKUP($C100,Répartition_Charges[],4) -> 6.5067206 | H100: FRAIS BANQUE
A101: 94 | B101: 45657 | C101: 514010 | D101: =IF($C101="","",VLOOKUP($C101,'Nomenclature des comptes'!$B$4:$C$646,2)) -> 0 | E101: Frais bancaires | F101: =VLOOKUP($C101,Répartition_Charges[],4) -> 5.4038866 | H101: FRAIS BANQUE
A102: 95 | B102: 45657 | C102: 514011 | D102: =IF($C102="","",VLOOKUP($C102,'Nomenclature des comptes'!$B$4:$C$646,2)) -> 0 | E102: Frais bancaires | F102: =VLOOKUP($C102,Répartition_Charges[],4) -> 6.065587 | H102: FRAIS BANQUE
A103: 96 | B103: 45657 | C103: 514012 | D103: =IF($C103="","",VLOOKUP($C103,'Nomenclature des comptes'!$B$4:$C$646,2)) -> 0 | E103: Frais bancaires | F103: =VLOOKUP($C103,Répartition_Charges[],4) -> 5.4038866 | H103: FRAIS BANQUE
... A109: 102 | B109: 45657 | C109: 514018 | D109: =IF($C109="","",VLOOKUP($C109,'Nomenclature des comptes'!$B$4:$C$646,2)) -> 0 | E109: Frais bancaires | F109: =VLOOKUP($C109,Répartition_Charges[],4) -> 5.0730364 | H109: FRAIS BANQUE
A110: 103 | B110: 45657 | C110: 514000 | D110: =IF(C110="","",VLOOKUP(C110,'Nomenclature des comptes'!$B$4:$C$646,2)) -> 0 | E110: Frais bancaires | G110: ='Répartitions charges'!D33 -> 108.96 | H110: FRAIS BANQUE
A111: 104 | D111: =IF(C111="","",VLOOKUP(C111,'Nomenclature des comptes'!$B$4:$C$646,2))
A112: 105 | B112: 45657 | C112: 514001 | D112: =IF($C112="","",VLOOKUP($C112,'Nomenclature des comptes'!$B$4:$C$646,2)) -> 0 | E112: Provision 2024 pour entretien | F112: ='Provision travaux FUTURS'!E11 -> 24.8 | H112: Provision pour entretien
A113: 106 | B113: 45657 | C113: 514002 | D113: =IF($C113="","",VLOOKUP($C113,'Nomenclature des comptes'!$B$4:$C$646,2)) -> 0 | E113: Provision 2024 pour entretien | F113: ='Provision travaux FUTURS'!E12 -> 25.3 | H113: Provision pour entretien
A114: 107 | B114: 45657 | C114: 514003 | D114: =IF($C114="","",VLOOKUP($C114,'Nomenclature des comptes'!$B$4:$C$646,2)) -> 0 | E114: Provision 2024 pour entretien | F114: ='Provision travaux FUTURS'!E13 -> 25.3 | H114: Provision pour entretien
A115: 108 | B115: 45657 | C115: 514004 | D115: =IF($C115="","",VLOOKUP($C115,'Nomenclature des comptes'!$B$4:$C$646,2)) -> 0 | E115: Provision 2024 pour entretien | F115: ='Provision travaux FUTURS'!E14 -> 33.91 | H115: Provision pour entretien
A116: 109 | B116: 45657 | C116: 514005 | D116: =IF($C116="","",VLOOKUP($C116,'Nomenclature des comptes'!$B$4:$C$646,2)) -> 0 | E116: Provision 2024 pour entretien | F116: ='Provision travaux FUTURS'!E15 -> 37.45 | H116: Provision pour entretien
A117: 110 | B117: 45657 | C117: 514006 | D117: =IF($C117="","",VLOOKUP($C117,'Nomenclature des comptes'!$B$4:$C$646,2)) -> 0 | E117: Provision 2024 pour entretien | F117: ='Provision travaux FUTURS'!E16 -> 37.45 | H117: Provision pour entretien
A118: 111 | B118: 45657 | C118: 514007 | D118: =IF($C118="","",VLOOKUP($C118,'Nomenclature des comptes'!$B$4:$C$646,2)) -> 0 | E118: Provision 2024 pour entretien | F118: ='Provision travaux FUTURS'!E17 -> 35.93 | H118: Provision pour entretien
A119: 112 | B119: 45657 | C119: 514008 | D119: =IF($C119="","",VLOOKUP($C119,'Nomenclature des comptes'!$B$4:$C$646,2)) -> 0 | E119: Provision 2024 pour entretien | F119: ='Provision travaux FUTURS'!E18 -> 32.39 | H119: Provision pour entretien
A120: 113 | B120: 45657 | C120: 514009 | D120: =IF($C120="","",VLOOKUP($C120,'Nomenclature des comptes'!$B$4:$C$646,2)) -> 0 | E120: Provision 2024 pour entretien | F120: ='Provision travaux FUTURS'!E19 -> 29.86 | H120: Provision pour entretien
A121: 114 | B121: 45657 | C121: 514010 | D121: =IF($C121="","",VLOOKUP($C121,'Nomenclature des comptes'!$B$4:$C$646,2)) -> 0 | E121: Provision 2024 pour entretien | F121: ='Provision travaux FUTURS'!E20 -> 24.8 | H121: Provision pour entretien
A122: 115 | B122: 45657 | C122: 514011 | D122: =IF($C122="","",VLOOKUP($C122,'Nomenclature des comptes'!$B$4:$C$646,2)) -> 0 | E122: Provision 2024 pour entretien | F122: ='Provision travaux FUTURS'!E21 -> 27.83 | H122: Provision pour entretien
A123: 116 | B123: 45657 | C123: 514012 | D123: =IF($C123="","",VLOOKUP($C123,'Nomenclature des comptes'!$B$4:$C$646,2)) -> 0 | E123: Provision 2024 pour entretien | F123: ='Provision travaux FUTURS'!E22 -> 24.8 | H123: Provision pour entretien
... A129: 122 | B129: 45657 | C129: 514018 | D129: =IF($C129="","",VLOOKUP($C129,'Nomenclature des comptes'!$B$4:$C$646,2)) -> 0 | E129: Provision 2024 pour entretien | F129: ='Provision travaux FUTURS'!E28 -> 23.28 | H129: Provision pour entretien
...

Sheet Grand Livre
A1: ='Données générales'!C4 -> 0
A2: 6 rue verlaine 38320 EYBENS
A4: Grand-Livre du Compte exercice 2024 - Prévisionnel
A7: Intitulé | B7: Date | C7: Libellé de l'écriture | D7: Débit | E7: Crédit | F7: SD | G7: SC
A8: 0 | B8: 44197 | C8: Provision 2021 pour entretien | D8: 500.01 | E8: 475.21 | F8: 24.8 | G8: 0
C9: Report Provision 2021 pour entretien | D9: 0 | E9: 24.8 | F9: 0 | G9: 24.8
B10: 44562 | C10: Provision 2022 pour entretien | D10: 500.01 | E10: 500.01 | F10: 0 | G10: 0
B11: 44927 | C11: Report banque | D11: 0 | E11: 48.93 | F11: 0 | G11: 48.93
C12: Provision 2023 pour entretien | D12: 500.01 | E12: 500.01 | F12: 0 | G12: 0
B13: 45042 | C13: Cotisation RC 2024 | D13: 0 | E13: 340 | F13: 0 | G13: 340
B14: 45292 | C14: Report exercice précédent | D14: 2073.7495 | E14: 3.26 | F14: 2070.4895 | G14: 0
B15: 45308 | C15: cotisation adispo janvier | D15: 0 | E15: 19.74 | F15: 0 | G15: 19.74
B16: 45335 | C16: acompte 2023 | D16: 176.81 | E16: 176.81 | F16: 0 | G16: 0
B17: 45336 | C17: acompte 2023 | D17: 372 | E17: 372 | F17: 0 | G17: 0
B18: 45338 | C18: acompte 2023 | D18: 151.4 | E18: 151.4 | F18: 0 | G18: 0
B19: 45345 | C19: acompte 2023 | D19: 216.44 | E19: 0 | F19: 216.44 | G19: 0
C20: acompte chèque 2023 | D20: 0 | E20: 216.44 | F20: 0 | G20: 216.44
B21: 45348 | C21: acompte 2023 | D21: 72.15 | E21: 72.15 | F21: 0 | G21: 0
B22: 45355 | C22: acompte 2023 | D22: 166.65 | E22: 166.65 | F22: 0 | G22: 0
B23: 45366 | C23: acompte 2023 | D23: 47.76 | E23: 47.76 | F23: 0 | G23: 0
B24: 45371 | C24: acompte 2023 | D24: 86.68 | E24: 86.68 | F24: 0 | G24: 0
B25: 45398 | C25: acompte 2023 | D25: 0 | E25: 45.72 | F25: 0 | G25: 45.72
C26: acompte chèque | D26: 45.72 | E26: 0 | F26: 45.72 | G26: 0
B27: 45400 | C27: cotisation adispo avril | D27: 0 | E27: 19.74 | F27: 0 | G27: 19.74
B28: 45490 | C28: cotisation adispo juillet | D28: 0 | E28: 19.74 | F28: 0 | G28: 19.74
B29: 45545 | C29: frais gestion banque | D29: 0 | E29: 30 | F29: 0 | G29: 30
B30: 45582 | C30: cotisation adispo octobre | D30: 0 | E30: 19.74 | F30: 0 | G30: 19.74
B31: 45601 | C31: provision charges | D31: 53.28 | E31: 53.28 | F31: 0 | G31: 0
B32: 45604 | C32: acompte 2023 | D32: 139.35 | E32: 0 | F32: 139.35 | G32: 0
C33: acompte 2024 | D33: 0 | E33: 139.35 | F33: 0 | G33: 139.35
C34: facture engie entretien 2024 | D34: 0 | E34: 1402.23 | F34: 0 | G34: 1402.23
B35: 45646 | C35: acompte 2023 | D35: 141.02 | E35: 141.02 | F35: 0 | G35: 0
B36: 45657 | C36: Frais bancaires | D36: 108.96 | E36: 108.96 | F36: 0 | G36: 0
C37: Assurance Multirisques | D37: 340 | E37: 340 | F37: 0 | G37: 0
C38: Hors contrat Entretien ENGIE | D38: 0 | E38: 0 | F38: 0 | G38: 0
C39: ENGIE SAVELYS | D39: 0 | E39: 1402.236 | F39: 0 | G39: 1402.236
C40: Contrat ENGIE P2 - P3 | D40: 983.18 | E40: 0 | F40: 983.18 | G40: 0
C41: Contrat ENGIE P2 | D41: 314.292 | E41: 0 | F41: 314.292 | G41: 0
C42: Contrat ENGIE P2 | D42: 104.764 | E42: 0 | F42: 104.764 | G42: 0
C43: Communs | D43: 0 | E43: 0 | F43: 0 | G43: 0
C44: Provision 2024 pour entretien | D44: 500.01 | E44: 0 | F44: 500.01 | G44: 0
C45: Provision 2024pour entretien | D45: 0 | E45: 500.01 | F45: 0 | G45: 500.01
B46: 410597 | C46: acompte 2023 | D46: 365.63 | E46: 365.63 | F46: 0 | G46: 0
A47: Total général | D47: 7959.8755 | E47: 7789.506 | F47: 170.36947 | G47: 0

Sheet Balance des comptes
A1: ='Données générales'!C4 -> 0
A2: 13 rue verlaine 38320 EYBENS
A3: Balance des comptes selon la nomenclature comptable- 2024
C6: =SUM(C8:C1002) -> 9859.9955 | D6: =SUM(D8:D1002) -> 9859.996 | E6: =SUM(E8:E1002) -> 4434.0525 | F6: =SUM(F8:F1002) -> 4434.053
A7: N° compte | B7: Intitulé | C7: Charges | D7: Produit | E7: Solde Débiteur | F7: Solde Créditeur
A8: 110000 | B8: 110. Report à nouveau | C8: 48.93 | E8: 48.93 | F8: 0
A10: 450001 | B10: 0 | D10: 74.4 | E10: 0 | F10: 74.4
A12: 450002 | B12: 0 | D12: 75.9 | E12: 0 | F12: 75.9
A14: 450003 | B14: 0 | D14: 75.9 | E14: 0 | F14: 75.9
A16: 450004 | B16: 0 | D16: 101.73 | E16: 0 | F16: 101.73
A18: 450005 | B18: 0 | D18: 112.35 | E18: 0 | F18: 112.35
A20: 450006 | B20: 0 | D20: 112.35 | E20: 0 | F20: 112.35
A22: 450007 | B22: 0 | D22: 107.79 | E22: 0 | F22: 107.79
A24: 450008 | B24: 0 | D24: 97.17 | E24: 0 | F24: 97.17
A26: 450009 | B26: 0 | D26: 89.58 | E26: 0 | F26: 89.58
A28: 450010 | B28: 0 | D28: 74.4 | E28: 0 | F28: 74.4
A30: 450011 | B30: 0 | D30: 83.49 | E30: 0 | F30: 83.49
A32: 450012 | B32: 0 | D32: 74.4 | E32: 0 | F32: 74.4
... A44: 450018 | B44: 0 | D44: 69.84 | E44: 0 | F44: 69.84
A46: 512000 | B46: 0 | C46: 2034.89 | D46: 1900.12 | E46: 134.77 | F46: 0
A48: 514000 | B48: 0 | C48: 1500.03 | D48: 2351.206 | E48: 0 | F48: 851.176
A50: 514001 | B50: 0 | C50: 427.6022 | D50: 213.31 | E50: 214.2922 | F50: 0
A52: 514002 | B52: 0 | C52: 78.824696 | D52: 30.8 | E52: 48.024696 | F52: 0
A54: 514003 | B54: 0 | C54: 430.8767 | D54: 354.98 | E54: 75.896696 | F54: 0
A56: 514004 | B56: 0 | C56: 132.44109 | D56: 68.09 | E56: 64.351093 | F56: 0
A58: 514005 | B58: 0 | C58: 352.64655 | D58: 176.81 | E58: 175.83655 | F58: 0
A60: 514006 | B60: 0 | C60: 334.52655 | D60: 158.69 | E60: 175.83655 | F60: 0
A62: 514007 | B62: 0 | C62: 140.34332 | D62: 72.15 | E62: 68.19332 | F62: 0
A64: 514008 | B64: 0 | C64: 332.88643 | D64: 166.65 | E64: 166.23643 | F64: 0
A66: 514009 | B66: 0 | C66: 328.65636 | E66: 328.65636 | F66: 0
A68: 514010 | B68: 0 | C68: 303.23023 | D68: 151.4 | E68: 151.83023 | F68: 0
A70: 514011 | B70: 0 | C70: 108.70271 | D70: 55.88 | E70: 52.822713 | F70: 0
A72: 514012 | B72: 0 | C72: 466.22023 | E72: 466.22023 | F72: 0
A74: 514013 | B74: 0 | C74: 323.64941 | D74: 150 | E74: 173.64941 | F74: 0
A76: 514014 | B76: 0 | C76: 297.297 | D76: 148.35 | E76: 148.947 | F76: 0
A78: 514015 | B78: 0 | C78: 44.182996 | D78: 56.54 | E78: 0 | F78: 12.357004
A80: 514016 | B80: 0 | C80: 88.938583 | D80: 45.72 | E80: 43.218583 | F80: 0
A82: 514017 | B82: 0 | C82: 92.907409 | D82: 47.76 | E82: 45.147409 | F82: 0
A84: 514018 | B84: 0 | C84: 141.023 | D84: 141.02 | E84: 0.0029959514 | F84: 0
A86: 615000 | B86: 615. Entretien chaudières | C86: 1402.23 | E86: 1402.23 | F86: 0
A88: 616100 | B88: 6161. Assurance Multirisques | C88: 340 | E88: 340 | F88: 0
A90: 627000 | B90: 627 Services bancaires et assimilés | C90: 108.96 | E90: 108.96 | F90: 0
A92: (vide) | C92: 0 | D92: 2070.49 | E92: 0 | F92: 2070.49

Sheet Balance des comptes copro
A1: ='Données générales'!C4 -> 0
A2: 13 rue verlaine 38320 EYBENS
A3: Balance des comptes copropriétaires- 2024
C6: =SUM(C8:C1002) -> 4424.9555 | D6: =SUM(D8:D1002) -> 2038.15 | E6: =SUM(E8:E1002) -> 2399.1625 | F6: =SUM(F8:F1002) -> 12.357004
A7: N° compte | B7: Intitulé | C7: Charges | D7: Produit | E7: Solde Débiteur | F7: Solde Créditeur
A8: 514001 | B8: 0 | C8: 427.6022 | D8: 213.31 | E8: 214.2922 | F8: 0
A10: 514002 | B10: 0 | C10: 78.824696 | D10: 30.8 | E10: 48.024696 | F10: 0
A12: 514003 | B12: 0 | C12: 430.8767 | D12: 354.98 | E12: 75.896696 | F12: 0
A14: 514004 | B14: 0 | C14: 132.44109 | D14: 68.09 | E14: 64.351093 | F14: 0
A16: 514005 | B16: 0 | C16: 352.64655 | D16: 176.81 | E16: 175.83655 | F16: 0
A18: 514006 | B18: 0 | C18: 334.52655 | D18: 158.69 | E18: 175.83655 | F18: 0
A20: 514007 | B20: 0 | C20: 140.34332 | D20: 72.15 | E20: 68.19332 | F20: 0
A22: 514008 | B22: 0 | C22: 332.88643 | D22: 166.65 | E22: 166.23643 | F22: 0
A24: 514009 | B24: 0 | C24: 328.65636 | E24: 328.65636 | F24: 0
A26: 514010 | B26: 0 | C26: 303.23023 | D26: 151.4 | E26: 151.83023 | F26: 0
A28: 514011 | B28: 0 | C28: 108.70271 | D28: 55.88 | E28: 52.822713 | F28: 0
A30: 514012 | B30: 0 | C30: 466.22023 | E30: 466.22023 | F30: 0
A32: 514013 | B32: 0 | C32: 323.64941 | D32: 150 | E32: 173.64941 | F32: 0
A34: 514014 | B34: 0 | C34: 297.297 | D34: 148.35 | E34: 148.947 | F34: 0
A36: 514015 | B36: 0 | C36: 44.182996 | D36: 56.54 | E36: 0 | F36: 12.357004
A38: 514016 | B38: 0 | C38: 88.938583 | D38: 45.72 | E38: 43.218583 | F38: 0
A40: 514017 | B40: 0 | C40: 92.907409 | D40: 47.76 | E40: 45.147409 | F40: 0
A42: 514018 | B42: 0 | C42: 141.023 | D42: 141.02 | E42: 0.0029959514 | F42: 0

Sheet Analytique
A1: ='Données générales'!C4 -> 0
A2: 13 rue verlaine 38320 EYBENS | C2: Situation du compte
A3: Charges et produits selon les clés de répartition Exercice 2024
A7: Clé | B7: N° compte | C7: Intitulé | D7: Charges | E7: Produit | F7: Solde Débiteur | G7: Solde Créditeur
A8: ASSURANCE | D8: 680 | E8: 340 | F8: 340 | G8: 0
A10: Banque | D10: 48.93 | F10: 48.93 | G10: 0
A12: COMMUNS | D12: 0 | E12: 0 | F12: 0 | G12: 0
A14: ENGIE | D14: 2804.466 | E14: 1402.236 | F14: 1402.23 | G14: 0
A16: FRAIS BANQUE | D16: 187.92 | E16: 108.96 | F16: 78.96 | G16: 0
A18: GESTION BANQUE | D18: 30 | F18: 30 | G18: 0
A20: Provision pour entretien | D20: 2000.04 | E20: 2000.04 | F20: 0 | G20: 0
A22: REPORT_EXERCICE | D22: 2073.7495 | E22: 3.26 | F22: 2070.4895 | G22: 0
A24: (vide) | D24: 2034.89 | E24: 3935.01 | F24: 0 | G24: 1900.12
A26: Total général | D26: 9859.9955 | E26: 7789.506 | F26: 2070.4895 | G26: 0

Sheet ENGIE SAVELYS
A2: Appel de fonds
B3: contrat ENGIE SAVELYS 2025
B4: nbre | E4: Facturation Totale | G4: =G5+G6 -> 1402.236 | H4: =SUM(H5:H8) -> 167.222
B5: 11 | D5: 104.764 | E5: Facturation (P2) | G5: =B5*D5 -> 1152.404 | H5: =G5/$B$5 -> 104.764
B6: 4 | D6: 62.458 | E6: Facturation (P3) | G6: =B6*D6 -> 249.832 | H6: =G6/$B$6 -> 62.458
A11: Compte | B11: nom | C11: Prorata | D11: N° du tiers | E11: Contrat P2 | F11: Contrat P3 | G11: nbre de chaudière | H11: P2 | I11: P3 | J11: total
A12: 514001 | C12: 12 | D12: 1591577 | E12: 1 | F12: 1 | G12: 1 | H12: =$H$5*Contrat_ENGIE[[#This Row],[Contrat P2]]/12*Contrat_ENGIE[[#This Row],[Prorata]] -> 104.764 | I12: =$H$6*Contrat_ENGIE[[#This Row],[Contrat P3]]/12*Contrat_ENGIE[[#This Row],[Prorata]] -> 62.458 | J12: =SUM(H12:I12) -> 167.222
A13: 514002 | C13: 12 | E13: 0 | F13: 0 | G13: 0 | H13: =$H$5*Contrat_ENGIE[[#This Row],[Contrat P2]]/12*Contrat_ENGIE[[#This Row],[Prorata]] -> 0 | I13: =$H$6*Contrat_ENGIE[[#This Row],[Contrat P3]]/12*Contrat_ENGIE[[#This Row],[Prorata]] -> 0 | J13: =SUM(H13:I13) -> 0
A14: 514003 | C14: 12 | D14: 1592239 | E14: 1 | F14: 1 | G14: 1 | H14: =$H$5*Contrat_ENGIE[[#This Row],[Contrat P2]]/12*Contrat_ENGIE[[#This Row],[Prorata]] -> 104.764 | I14: =$H$6*Contrat_ENGIE[[#This Row],[Contrat P3]]/12*Contrat_ENGIE[[#This Row],[Prorata]] -> 62.458 | J14: =SUM(H14:I14) -> 167.222
A15: 514004 | C15: 12 | E15: 0 | F15: 0 | G15: 0 | H15: =$H$5*Contrat_ENGIE[[#This Row],[Contrat P2]]/12*Contrat_ENGIE[[#This Row],[Prorata]] -> 0 | I15: =$H$6*Contrat_ENGIE[[#This Row],[Contrat P3]]/12*Contrat_ENGIE[[#This Row],[Prorata]] -> 0 | J15: =SUM(H15:I15) -> 0
A16: 514005 | C16: 12 | D16: 1591581 | E16: 1 | F16: 0 | G16: 1 | H16: =$H$5*Contrat_ENGIE[[#This Row],[Contrat P2]]/12*Contrat_ENGIE[[#This Row],[Prorata]] -> 104.764 | I16: =$H$6*Contrat_ENGIE[[#This Row],[Contrat P3]]/12*Contrat_ENGIE[[#This Row],[Prorata]] -> 0 | J16: =SUM(H16:I16) -> 104.764
A17: 514006 | C17: 12 | D17: 1591582 | E17: 1 | F17: 0 | G17: 1 | H17: =$H$5*Contrat_ENGIE[[#This Row],[Contrat P2]]/12*Contrat_ENGIE[[#This Row],[Prorata]] -> 104.764 | I17: =$H$6*Contrat_ENGIE[[#This Row],[Contrat P3]]/12*Contrat_ENGIE[[#This Row],[Prorata]] -> 0 | J17: =SUM(H17:I17) -> 104.764
A18: 514007 | C18: 12 | E18: 0 | F18: 0 | G18: 0 | H18: =$H$5*Contrat_ENGIE[[#This Row],[Contrat P2]]/12*Contrat_ENGIE[[#This Row],[Prorata]] -> 0 | I18: =$H$6*Contrat_ENGIE[[#This Row],[Contrat P3]]/12*Contrat_ENGIE[[#This Row],[Prorata]] -> 0 | J18: =SUM(H18:I18) -> 0
A19: 514008 | C19: 12 | D19: 1591584 | E19: 1 | F19: 0 | G19: 1 | H19: =$H$5*Contrat_ENGIE[[#This Row],[Contrat P2]]/12*Contrat_ENGIE[[#This Row],[Prorata]] -> 104.764 | I19: =$H$6*Contrat_ENGIE[[#This Row],[Contrat P3]]/12*Contrat_ENGIE[[#This Row],[Prorata]] -> 0 | J19: =SUM(H19:I19) -> 104.764
A20: 514009 | C20: 12 | D20: 1591586 | E20: 2 | F20: 1 | G20: 2 | H20: =$H$5*Contrat_ENGIE[[#This Row],[Contrat P2]]/12*Contrat_ENGIE[[#This Row],[Prorata]] -> 209.528 | I20: =$H$6*Contrat_ENGIE[[#This Row],[Contrat P3]]/12*Contrat_ENGIE[[#This Row],[Prorata]] -> 62.458 | J20: =SUM(H20:I20) -> 271.986
A21: 514010 | C21: 12 | D21: 1592241 | E21: 1 | F21: 0 | G21: 1 | H21: =$H$5*Contrat_ENGIE[[#This Row],[Contrat P2]]/12*Contrat_ENGIE[[#This Row],[Prorata]] -> 104.764 | I21: =$H$6*Contrat_ENGIE[[#This Row],[Contrat P3]]/12*Contrat_ENGIE[[#This Row],[Prorata]] -> 0 | J21: =SUM(H21:I21) -> 104.764
A22: 514011 | C22: 12 | E22: 0 | F22: 0 | G22: 0 | H22: =$H$5*Contrat_ENGIE[[#This Row],[Contrat P2]]/12*Contrat_ENGIE[[#This Row],[Prorata]] -> 0 | I22: =$H$6*Contrat_ENGIE[[#This Row],[Contrat P3]]/12*Contrat_ENGIE[[#This Row],[Prorata]] -> 0 | J22: =SUM(H22:I22) -> 0
A23: 514012 | C23: 12 | D23: 7712915 | E23: 1 | F23: 0 | G23: 1 | H23: =$H$5*Contrat_ENGIE[[#This Row],[Contrat P2]]/12*Contrat_ENGIE[[#This Row],[Prorata]] -> 104.764 | I23: =$H$6*Contrat_ENGIE[[#This Row],[Contrat P3]]/12*Contrat_ENGIE[[#This Row],[Prorata]] -> 0 | J23: =SUM(H23:I23) -> 104.764
A24: 514013 | C24: 12 | D24: 1591580 | E24: 1 | F24: 1 | G24: 1 | H24: =$H$5*Contrat_ENGIE[[#This Row],[Contrat P2]]/12*Contrat_ENGIE[[#This Row],[Prorata]] -> 104.764 | I24: =$H$6*Contrat_ENGIE[[#This Row],[Contrat P3]]/12*Contrat_ENGIE[[#This Row],[Prorata]] -> 62.458 | J24: =SUM(H24:I24) -> 167.222
A25: 514014 | C25: 12 | D25: 1592240 | E25: 1 | F25: 0 | G25: 1 | H25: =$H$5*Contrat_ENGIE[[#This Row],[Contrat P2]]/12*Contrat_ENGIE[[#This Row],[Prorata]] -> 104.764 | I25: =$H$6*Contrat_ENGIE[[#This Row],[Contrat P3]]/12*Contrat_ENGIE[[#This Row],[Prorata]] -> 0 | J25: =SUM(H25:I25) -> 104.764
A26: 514015 | C26: 12 | D26: 1591587 | E26: 0 | F26: 0 | G26: 0 | H26: =$H$5*Contrat_ENGIE[[#This Row],[Contrat P2]]/12*Contrat_ENGIE[[#This Row],[Prorata]] -> 0 | I26: =$H$6*Contrat_ENGIE[[#This Row],[Contrat P3]]/12*Contrat_ENGIE[[#This Row],[Prorata]] -> 0 | J26: =SUM(H26:I26) -> 0
A27: 514016 | C27: 12 | E27: 0 | F27: 0 | G27: 0 | H27: =$H$5*Contrat_ENGIE[[#This Row],[Contrat P2]]/12*Contrat_ENGIE[[#This Row],[Prorata]] -> 0 | I27: =$H$6*Contrat_ENGIE[[#This Row],[Contrat P3]]/12*Contrat_ENGIE[[#This Row],[Prorata]] -> 0 | J27: =SUM(H27:I27) -> 0
A28: 514017 | C28: 12 | E28: 0 | F28: 0 | G28: 0 | H28: =$H$5*Contrat_ENGIE[[#This Row],[Contrat P2]]/12*Contrat_ENGIE[[#This Row],[Prorata]] -> 0 | I28: =$H$6*Contrat_ENGIE[[#This Row],[Contrat P3]]/12*Contrat_ENGIE[[#This Row],[Prorata]] -> 0 | J28: =SUM(H28:I28) -> 0
A29: 514018 | C29: 12 | E29: 0 | F29: 0 | G29: 0 | H29: =$H$5*Contrat_ENGIE[[#This Row],[Contrat P2]]/12*Contrat_ENGIE[[#This Row],[Prorata]] -> 0 | I29: =$H$6*Contrat_ENGIE[[#This Row],[Contrat P3]]/12*Contrat_ENGIE[[#This Row],[Prorata]] -> 0 | J29: =SUM(H29:I29) -> 0
E30: =SUBTOTAL(109,Contrat_ENGIE[Contrat P2]) -> 11 | F30: =SUBTOTAL(109,Contrat_ENGIE[Contrat P3]) -> 4 | G30: =SUBTOTAL(109,Contrat_ENGIE[nbre de chaudière]) -> 11 | H30: =SUBTOTAL(109,Contrat_ENGIE[P2]) -> 1152.404 | I30: =SUBTOTAL(109,Contrat_ENGIE[P3]) -> 249.832 | J30: =SUBTOTAL(109,Contrat_ENGIE[total]) -> 1402.236

Sheet Répartitions charges
A1: PREVISIONNEL charges 2024
B3: Gestion banque | C3: 45308 | D3: 19.74
B4: Gestion banque | C4: 45402 | D4: 19.74
B5: Assurance RC | C5: 45408 | E5: 340
B6: Gestion banque | C6: 45490 | D6: 19.74
B7: Frais suivi dossier | C7: 45545 | D7: 30
B8: Gestion banque | C8: 45583 | D8: 19.74
B9: Affranchissements
B10: Provision Réseaux EU | G10: 500
B11: Travaux réseaux EU | G11: 0
B12: Entretien Chaudières | I12: Estimation
C13: 988 | D13: =SUM(D3:D12) -> 108.96 | E13: =SUM(E3:E12) -> 340 | G13: =SUM(G15:G32) -> 500.01 | H13: =D13+E13+F13 -> 448.96 | I13: =SUM(I15:I32) -> 1402.236
A14: Compte | B14: Nom | C14: Tantièmes | D14: Frais Banque | E14: Assurance RC | F14: Communs | G14: Provision TRAVAUX | H14: TOTAL Charges | I14: ENGIE Chaudières | J14: Total à régler
A15: 514001 | C15: 49 | D15: =$D$13/$C$13*$C15 -> 5.4038866 | E15: =$E$13/$C$13*$C15 -> 16.862348 | F15: =$F$13/$C$13*$C15 -> 0 | G15: ='Provision travaux FUTURS'!F11 -> 24.8 | H15: =$H$13/$C$13*$C15 -> 22.266235 | I15: =VLOOKUP(Répartition_Charges[[#This Row],[Compte]],[0]!ENGIE_SAVELYS,10) -> 167.222 | J15: =Répartition_Charges[[#This Row],[Provision TRAVAUX]]+Répartition_Charges[[#This Row],[TOTAL Charges]]+Répartition_Charges[[#This Row],[ENGIE Chaudières]] -> 214.28823
A16: 514002 | C16: 50 | D16: =$D$13/$C$13*$C16 -> 5.51417 | E16: =$E$13/$C$13*$C16 -> 17.206478 | F16: =$F$13/$C$13*$C16 -> 0 | G16: ='Provision travaux FUTURS'!F12 -> 25.3 | H16: =$H$13/$C$13*$C16 -> 22.720648 | I16: =VLOOKUP(Répartition_Charges[[#This Row],[Compte]],[0]!ENGIE_SAVELYS,10) -> 0 | J16: =Répartition_Charges[[#This Row],[Provision TRAVAUX]]+Répartition_Charges[[#This Row],[TOTAL Charges]]+Répartition_Charges[[#This Row],[ENGIE Chaudières]] -> 48.020648
A17: 514003 | C17: 50 | D17: =$D$13/$C$13*$C17 -> 5.51417 | E17: =$E$13/$C$13*$C17 -> 17.206478 | F17: =$F$13/$C$13*$C17 -> 0 | G17: ='Provision travaux FUTURS'!F13 -> 25.3 | H17: =$H$13/$C$13*$C17 -> 22.720648 | I17: =VLOOKUP(Répartition_Charges[[#This Row],[Compte]],[0]!ENGIE_SAVELYS,10) -> 167.222 | J17: =Répartition_Charges[[#This Row],[Provision TRAVAUX]]+Répartition_Charges[[#This Row],[TOTAL Charges]]+Répartition_Charges[[#This Row],[ENGIE Chaudières]] -> 215.24265
A18: 514004 | C18: 67 | D18: =$D$13/$C$13*$C18 -> 7.3889879 | E18: =$E$13/$C$13*$C18 -> 23.05668 | F18: =$F$13/$C$13*$C18 -> 0 | G18: ='Provision travaux FUTURS'!F14 -> 33.91 | H18: =$H$13/$C$13*$C18 -> 30.445668 | I18: =VLOOKUP(Répartition_Charges[[#This Row],[Compte]],[0]!ENGIE_SAVELYS,10) -> 0 | J18: =Répartition_Charges[[#This Row],[Provision TRAVAUX]]+Répartition_Charges[[#This Row],[TOTAL Charges]]+Répartition_Charges[[#This Row],[ENGIE Chaudières]] -> 64.355668
A19: 514005 | C19: 74 | D19: =$D$13/$C$13*$C19 -> 8.1609717 | E19: =$E$13/$C$13*$C19 -> 25.465587 | F19: =$F$13/$C$13*$C19 -> 0 | G19: ='Provision travaux FUTURS'!F15 -> 37.45 | H19: =$H$13/$C$13*$C19 -> 33.626559 | I19: =VLOOKUP(Répartition_Charges[[#This Row],[Compte]],[0]!ENGIE_SAVELYS,10) -> 104.764 | J19: =Répartition_Charges[[#This Row],[Provision TRAVAUX]]+Répartition_Charges[[#This Row],[TOTAL Charges]]+Répartition_Charges[[#This Row],[ENGIE Chaudières]] -> 175.84056
A20: 514006 | C20: 74 | D20: =$D$13/$C$13*$C20 -> 8.1609717 | E20: =$E$13/$C$13*$C20 -> 25.465587 | F20: =$F$13/$C$13*$C20 -> 0 | G20: ='Provision travaux FUTURS'!F16 -> 37.45 | H20: =$H$13/$C$13*$C20 -> 33.626559 | I20: =VLOOKUP(Répartition_Charges[[#This Row],[Compte]],[0]!ENGIE_SAVELYS,10) -> 104.764 | J20: =Répartition_Charges[[#This Row],[Provision TRAVAUX]]+Répartition_Charges[[#This Row],[TOTAL Charges]]+Répartition_Charges[[#This Row],[ENGIE Chaudières]] -> 175.84056
A21: 514007 | C21: 71 | D21: =$D$13/$C$13*$C21 -> 7.8301215 | E21: =$E$13/$C$13*$C21 -> 24.433198 | F21: =$F$13/$C$13*$C21 -> 0 | G21: ='Provision travaux FUTURS'!F17 -> 35.93 | H21: =$H$13/$C$13*$C21 -> 32.26332 | I21: =VLOOKUP(Répartition_Charges[[#This Row],[Compte]],[0]!ENGIE_SAVELYS,10) -> 0 | J21: =Répartition_Charges[[#This Row],[Provision TRAVAUX]]+Répartition_Charges[[#This Row],[TOTAL Charges]]+Répartition_Charges[[#This Row],[ENGIE Chaudières]] -> 68.19332
A22: 514008 | C22: 64 | D22: =$D$13/$C$13*$C22 -> 7.0581377 | E22: =$E$13/$C$13*$C22 -> 22.024291 | F22: =$F$13/$C$13*$C22 -> 0 | G22: ='Provision travaux FUTURS'!F18 -> 32.39 | H22: =$H$13/$C$13*$C22 -> 29.082429 | I22: =VLOOKUP(Répartition_Charges[[#This Row],[Compte]],[0]!ENGIE_SAVELYS,10) -> 104.764 | J22: =Répartition_Charges[[#This Row],[Provision TRAVAUX]]+Répartition_Charges[[#This Row],[TOTAL Charges]]+Répartition_Charges[[#This Row],[ENGIE Chaudières]] -> 166.23643
A23: 514009 | C23: 59 | D23: =$D$13/$C$13*$C23 -> 6.5067206 | E23: =$E$13/$C$13*$C23 -> 20.303644 | F23: =$F$13/$C$13*$C23 -> 0 | G23: ='Provision travaux FUTURS'!F19 -> 29.86 | H23: =$H$13/$C$13*$C23 -> 26.810364 | I23: =VLOOKUP(Répartition_Charges[[#This Row],[Compte]],[0]!ENGIE_SAVELYS,10) -> 271.986 | J23: =Répartition_Charges[[#This Row],[Provision TRAVAUX]]+Répartition_Charges[[#This Row],[TOTAL Charges]]+Répartition_Charges[[#This Row],[ENGIE Chaudières]] -> 328.65636
A24: 514010 | C24: 49 | D24: =$D$13/$C$13*$C24 -> 5.4038866 | E24: =$E$13/$C$13*$C24 -> 16.862348 | F24: =$F$13/$C$13*$C24 -> 0 | G24: ='Provision travaux FUTURS'!F20 -> 24.8 | H24: =$H$13/$C$13*$C24 -> 22.266235 | I24: =VLOOKUP(Répartition_Charges[[#This Row],[Compte]],[0]!ENGIE_SAVELYS,10) -> 104.764 | J24: =Répartition_Charges[[#This Row],[Provision TRAVAUX]]+Répartition_Charges[[#This Row],[TOTAL Charges]]+Répartition_Charges[[#This Row],[ENGIE Chaudières]] -> 151.83023
A25: 514011 | C25: 55 | D25: =$D$13/$C$13*$C25 -> 6.065587 | E25: =$E$13/$C$13*$C25 -> 18.927126 | F25: =$F$13/$C$13*$C25 -> 0 | G25: ='Provision travaux FUTURS'!F21 -> 27.83 | H25: =$H$13/$C$13*$C25 -> 24.992713 | I25: =VLOOKUP(Répartition_Charges[[#This Row],[Compte]],[0]!ENGIE_SAVELYS,10) -> 0 | J25: =Répartition_Charges[[#This Row],[Provision TRAVAUX]]+Répartition_Charges[[#This Row],[TOTAL Charges]]+Répartition_Charges[[#This Row],[ENGIE Chaudières]] -> 52.822713
A26: 514012 | C26: 49 | D26: =$D$13/$C$13*$C26 -> 5.4038866 | E26: =$E$13/$C$13*$C26 -> 16.862348 | F26: =$F$13/$C$13*$C26 -> 0 | G26: ='Provision travaux FUTURS'!F22 -> 24.8 | H26: =$H$13/$C$13*$C26 -> 22.266235 | I26: =VLOOKUP(Répartition_Charges[[#This Row],[Compte]],[0]!ENGIE_SAVELYS,10) -> 104.764 | J26: =Répartition_Charges[[#This Row],[Provision TRAVAUX]]+Répartition_Charges[[#This Row],[TOTAL Charges]]+Répartition_Charges[[#This Row],[ENGIE Chaudières]] -> 151.83023
... A32: 514018 | C32: 46 | D32: =$D$13/$C$13*$C32 -> 5.0730364 | E32: =$E$13/$C$13*$C32 -> 15.82996 | F32: =$F$13/$C$13*$C32 -> 0 | G32: ='Provision travaux FUTURS'!F28 -> 23.28 | H32: =$H$13/$C$13*$C32 -> 20.902996 | I32: =VLOOKUP(Répartition_Charges[[#This Row],[Compte]],[0]!ENGIE_SAVELYS,10) -> 0 | J32: =Répartition_Charges[[#This Row],[Provision TRAVAUX]]+Répartition_Charges[[#This Row],[TOTAL Charges]]+Répartition_Charges[[#This Row],[ENGIE Chaudières]] -> 44.182996
D33: =SUBTOTAL(109,Répartition_Charges[Frais Banque]) -> 108.96 | E33: =SUBTOTAL(109,Répartition_Charges[Assurance RC]) -> 340 | F33: =SUBTOTAL(109,Répartition_Charges[Communs]) -> 0 | H33: =SUBTOTAL(109,Répartition_Charges[TOTAL Charges]) -> 448.96 | I33: =SUBTOTAL(109,Répartition_Charges[ENGIE Chaudières]) -> 1402.236
B35: Règlement par retour SVP
B36: IBAN : FR11 2004 1010 1700 9405 5S02 860
A45: Compte | B45: Nom | C45: Tantièmes | D45: Vote 1 | E45: Vote 2 | F45: Vote 3 | G45: Vote 4
A46: 514001 | B46: CASTEJON | C46: 49 | D46: 1 | E46: 1 | F46: 1 | G46: 1
A47: 514002 | B47: CELLA | C47: 50 | D47: 1 | E47: 1 | F47: 1 | G47: 1
A48: 514003 | B48: LOPEZ | C48: 50 | D48: 1 | E48: 1 | F48: 1 | G48: 1
A49: 514004 | B49: CLOUD | C49: 67 | D49: 1 | E49: 1 | F49: 1 | G49: 1
A50: 514005 | B50: GLENAT | C50: 74 | D50: 1 | E50: 1 | F50: 1 | G50: 1
A51: 514006 | B51: FABRI | C51: 74 | D51: 1 | E51: 1 | F51: 1 | G51: 1
A52: 514007 | B52: BALTER | C52: 71 | D52: 1 | E52: 1 | F52: 1 | G52: 1
A53: 514008 | B53: BARTOLO | C53: 64 | D53: 1 | E53: 1 | F53: 1 | G53: 1
A54: 514009 | B54: CREMILLIEUX | C54: 59 | D54: 1 | E54: 1 | F54: 1 | G54: 1
A55: 514010 | B55: MABBOUX | C55: 49 | D55: 1 | E55: 1 | F55: 1 | G55: 1
A56: 514011 | B56: CHANVILLARD | C56: 55 | D56: 1 | E56: 1 | F56: 1 | G56: 1
A57: 514012 | B57: MOLUS/ROBIANI | C57: 49 | D57: 1 | E57: 1 | F57: 1 | G57: 1
... A63: 514018 | B63: REBESCO | C63: 46 | D63: 1 | E63: 1 | F63: 1 | G63: 1
B64: Total | D64: =SUM(D46:D63) -> 18 | E64: =SUM(E46:E63) -> 18 | F64: =SUM(F46:F63) -> 18 | G64: =SUM(G46:G63) -> 18

Sheet balance compte travaux
A1: ='Données générales'!C4 -> 0
A2: 13 rue verlaine 38320 EYBENS
A3: Balance des comptes Provision Travaux
C6: =SUM(C8:C1002) -> 0 | D6: =SUM(D8:D1002) -> 1500.03 | E6: =SUM(E8:E1002) -> 0 | F6: =SUM(F8:F1002) -> 1500.03
A7: N° compte | B7: Intitulé | C7: Charges | D7: Produit | E7: Solde Débiteur | F7: Solde Créditeur
A8: 450001 | B8: 0 | D8: 74.4 | E8: 0 | F8: 74.4
A9: 450002 | B9: 0 | D9: 75.9 | E9: 0 | F9: 75.9
A10: 450003 | B10: 0 | D10: 75.9 | E10: 0 | F10: 75.9
A11: 450004 | B11: 0 | D11: 101.73 | E11: 0 | F11: 101.73
A12: 450005 | B12: 0 | D12: 112.35 | E12: 0 | F12: 112.35
A13: 450006 | B13: 0 | D13: 112.35 | E13: 0 | F13: 112.35
A14: 450007 | B14: 0 | D14: 107.79 | E14: 0 | F14: 107.79
A15: 450008 | B15: 0 | D15: 97.17 | E15: 0 | F15: 97.17
A16: 450009 | B16: 0 | D16: 89.58 | E16: 0 | F16: 89.58
A17: 450010 | B17: 0 | D17: 74.4 | E17: 0 | F17: 74.4
A18: 450011 | B18: 0 | D18: 83.49 | E18: 0 | F18: 83.49
A19: 450012 | B19: 0 | D19: 74.4 | E19: 0 | F19: 74.4
... A25: 450018 | B25: 0 | D25: 69.84 | E25: 0 | F25: 69.84

Sheet Provision travaux FUTURS
B2: RECAPITULATIF
B3: Ventilation estimation avance travaux entretiens
B4: Année 2021 | D4: 988 | E4: 500
B5: Année 2022 | D5: 988 | F5: 500
B6: Année 2023 | D6: 988 | G6: 500
B7: Année 2024 | D7: 988 | H7: 500
B8: Année 2025 | D8: 988 | I8: 500
B10: Compte | C10: Nom | D10: Tantièmes | E10: Avance 2021 | F10: Avance 2022 | G10: Avance 2023 | H10: Avance 2024 | I10: Avance 2025 | J10: Entretien | K10: SOLDE
B11: 450001 | D11: 49 | E11: =ROUND($E$4/$D$4*Provision_Travaux[[#This Row],[Tantièmes]],2) -> 24.8 | F11: =ROUND($F$5/$D$5*Provision_Travaux[[#This Row],[Tantièmes]],2) -> 24.8 | G11: =ROUND($G$6/$D$6*Provision_Travaux[[#This Row],[Tantièmes]],2) -> 24.8 | H11: =ROUND($H$7/$D$7*Provision_Travaux[[#This Row],[Tantièmes]],2) -> 24.8 | I11: =ROUND($I$8/$D$8*Provision_Travaux[[#This Row],[Tantièmes]],2) -> 24.8 | J11: 0 | K11: =Provision_Travaux[[#This Row],[Avance 2021]]+Provision_Travaux[[#This Row],[Avance 2022]]+Provision_Travaux[[#This Row],[Avance 2023]]-Provision_Travaux[[#This Row],[Entretien]]+Provision_Travaux[[#This Row],[Avance 2024]]+Provision_Travaux[[#This Row],[Avance 2025]] -> 124
B12: 450002 | D12: 50 | E12: =ROUND($E$4/$D$4*Provision_Travaux[[#This Row],[Tantièmes]],2) -> 25.3 | F12: =ROUND($F$5/$D$5*Provision_Travaux[[#This Row],[Tantièmes]],2) -> 25.3 | G12: =ROUND($G$6/$D$6*Provision_Travaux[[#This Row],[Tantièmes]],2) -> 25.3 | H12: =ROUND($H$7/$D$7*Provision_Travaux[[#This Row],[Tantièmes]],2) -> 25.3 | I12: =ROUND($I$8/$D$8*Provision_Travaux[[#This Row],[Tantièmes]],2) -> 25.3 | J12: 0 | K12: =Provision_Travaux[[#This Row],[Avance 2021]]+Provision_Travaux[[#This Row],[Avance 2022]]+Provision_Travaux[[#This Row],[Avance 2023]]-Provision_Travaux[[#This Row],[Entretien]]+Provision_Travaux[[#This Row],[Avance 2024]] -> 101.2
B13: 450003 | D13: 50 | E13: =ROUND($E$4/$D$4*Provision_Travaux[[#This Row],[Tantièmes]],2) -> 25.3 | F13: =ROUND($F$5/$D$5*Provision_Travaux[[#This Row],[Tantièmes]],2) -> 25.3 | G13: =ROUND($G$6/$D$6*Provision_Travaux[[#This Row],[Tantièmes]],2) -> 25.3 | H13: =ROUND($H$7/$D$7*Provision_Travaux[[#This Row],[Tantièmes]],2) -> 25.3 | I13: =ROUND($I$8/$D$8*Provision_Travaux[[#This Row],[Tantièmes]],2) -> 25.3 | J13: 0 | K13: =Provision_Travaux[[#This Row],[Avance 2021]]+Provision_Travaux[[#This Row],[Avance 2022]]+Provision_Travaux[[#This Row],[Avance 2023]]-Provision_Travaux[[#This Row],[Entretien]]+Provision_Travaux[[#This Row],[Avance 2024]] -> 101.2
B14: 450004 | D14: 67 | E14: =ROUND($E$4/$D$4*Provision_Travaux[[#This Row],[Tantièmes]],2) -> 33.91 | F14: =ROUND($F$5/$D$5*Provision_Travaux[[#This Row],[Tantièmes]],2) -> 33.91 | G14: =ROUND($G$6/$D$6*Provision_Travaux[[#This Row],[Tantièmes]],2) -> 33.91 | H14: =ROUND($H$7/$D$7*Provision_Travaux[[#This Row],[Tantièmes]],2) -> 33.91 | I14: =ROUND($I$8/$D$8*Provision_Travaux[[#This Row],[Tantièmes]],2) -> 33.91 | J14: 0 | K14: =Provision_Travaux[[#This Row],[Avance 2021]]+Provision_Travaux[[#This Row],[Avance 2022]]+Provision_Travaux[[#This Row],[Avance 2023]]-Provision_Travaux[[#This Row],[Entretien]]+Provision_Travaux[[#This Row],[Avance 2024]] -> 135.64
B15: 450005 | D15: 74 | E15: =ROUND($E$4/$D$4*Provision_Travaux[[#This Row],[Tantièmes]],2) -> 37.45 | F15: =ROUND($F$5/$D$5*Provision_Travaux[[#This Row],[Tantièmes]],2) -> 37.45 | G15: =ROUND($G$6/$D$6*Provision_Travaux[[#This Row],[Tantièmes]],2) -> 37.45 | H15: =ROUND($H$7/$D$7*Provision_Travaux[[#This Row],[Tantièmes]],2) -> 37.45 | I15: =ROUND($I$8/$D$8*Provision_Travaux[[#This Row],[Tantièmes]],2) -> 37.45 | J15: 0 | K15: =Provision_Travaux[[#This Row],[Avance 2021]]+Provision_Travaux[[#This Row],[Avance 2022]]+Provision_Travaux[[#This Row],[Avance 2023]]-Provision_Travaux[[#This Row],[Entretien]]+Provision_Travaux[[#This Row],[Avance 2024]] -> 149.8
B16: 450006 | D16: 74 | E16: =ROUND($E$4/$D$4*Provision_Travaux[[#This Row],[Tantièmes]],2) -> 37.45 | F16: =ROUND($F$5/$D$5*Provision_Travaux[[#This Row],[Tantièmes]],2) -> 37.45 | G16: =ROUND($G$6/$D$6*Provision_Travaux[[#This Row],[Tantièmes]],2) -> 37.45 | H16: =ROUND($H$7/$D$7*Provision_Travaux[[#This Row],[Tantièmes]],2) -> 37.45 | I16: =ROUND($I$8/$D$8*Provision_Travaux[[#This Row],[Tantièmes]],2) -> 37.45 | J16: 0 | K16: =Provision_Travaux[[#This Row],[Avance 2021]]+Provision_Travaux[[#This Row],[Avance 2022]]+Provision_Travaux[[#This Row],[Avance 2023]]-Provision_Travaux[[#This Row],[Entretien]]+Provision_Travaux[[#This Row],[Avance 2024]] -> 149.8
B17: 450007 | D17: 71 | E17: =ROUND($E$4/$D$4*Provision_Travaux[[#This Row],[Tantièmes]],2) -> 35.93 | F17: =ROUND($F$5/$D$5*Provision_Travaux[[#This Row],[Tantièmes]],2) -> 35.93 | G17: =ROUND($G$6/$D$6*Provision_Travaux[[#This Row],[Tantièmes]],2) -> 35.93 | H17: =ROUND($H$7/$D$7*Provision_Travaux[[#This Row],[Tantièmes]],2) -> 35.93 | I17: =ROUND($I$8/$D$8*Provision_Travaux[[#This Row],[Tantièmes]],2) -> 35.93 | J17: 0 | K17: =Provision_Travaux[[#This Row],[Avance 2021]]+Provision_Travaux[[#This Row],[Avance 2022]]+Provision_Travaux[[#This Row],[Avance 2023]]-Provision_Travaux[[#This Row],[Entretien]]+Provision_Travaux[[#This Row],[Avance 2024]] -> 143.72
B18: 450008 | D18: 64 | E18: =ROUND($E$4/$D$4*Provision_Travaux[[#This Row],[Tantièmes]],2) -> 32.39 | F18: =ROUND($F$5/$D$5*Provision_Travaux[[#This Row],[Tantièmes]],2) -> 32.39 | G18: =ROUND($G$6/$D$6*Provision_Travaux[[#This Row],[Tantièmes]],2) -> 32.39 | H18: =ROUND($H$7/$D$7*Provision_Travaux[[#This Row],[Tantièmes]],2) -> 32.39 | I18: =ROUND($I$8/$D$8*Provision_Travaux[[#This Row],[Tantièmes]],2) -> 32.39 | J18: 0 | K18: =Provision_Travaux[[#This Row],[Avance 2021]]+Provision_Travaux[[#This Row],[Avance 2022]]+Provision_Travaux[[#This Row],[Avance 2023]]-Provision_Travaux[[#This Row],[Entretien]]+Provision_Travaux[[#This Row],[Avance 2024]] -> 129.56
B19: 450009 | D19: 59 | E19: =ROUND($E$4/$D$4*Provision_Travaux[[#This Row],[Tantièmes]],2) -> 29.86 | F19: =ROUND($F$5/$D$5*Provision_Travaux[[#This Row],[Tantièmes]],2) -> 29.86 | G19: =ROUND($G$6/$D$6*Provision_Travaux[[#This Row],[Tantièmes]],2) -> 29.86 | H19: =ROUND($H$7/$D$7*Provision_Travaux[[#This Row],[Tantièmes]],2) -> 29.86 | I19: =ROUND($I$8/$D$8*Provision_Travaux[[#This Row],[Tantièmes]],2) -> 29.86 | J19: 0 | K19: =Provision_Travaux[[#This Row],[Avance 2021]]+Provision_Travaux[[#This Row],[Avance 2022]]+Provision_Travaux[[#This Row],[Avance 2023]]-Provision_Travaux[[#This Row],[Entretien]]+Provision_Travaux[[#This Row],[Avance 2024]] -> 119.44
B20: 450010 | D20: 49 | E20: =ROUND($E$4/$D$4*Provision_Travaux[[#This Row],[Tantièmes]],2) -> 24.8 | F20: =ROUND($F$5/$D$5*Provision_Travaux[[#This Row],[Tantièmes]],2) -> 24.8 | G20: =ROUND($G$6/$D$6*Provision_Travaux[[#This Row],[Tantièmes]],2) -> 24.8 | H20: =ROUND($H$7/$D$7*Provision_Travaux[[#This Row],[Tantièmes]],2) -> 24.8 | I20: =ROUND($I$8/$D$8*Provision_Travaux[[#This Row],[Tantièmes]],2) -> 24.8 | J20: 0 | K20: =Provision_Travaux[[#This Row],[Avance 2021]]+Provision_Travaux[[#This Row],[Avance 2022]]+Provision_Travaux[[#This Row],[Avance 2023]]-Provision_Travaux[[#This Row],[Entretien]]+Provision_Travaux[[#This Row],[Avance 2024]] -> 99.2
B21: 450011 | D21: 55 | E21: =ROUND($E$4/$D$4*Provision_Travaux[[#This Row],[Tantièmes]],2) -> 27.83 | F21: =ROUND($F$5/$D$5*Provision_Travaux[[#This Row],[Tantièmes]],2) -> 27.83 | G21: =ROUND($G$6/$D$6*Provision_Travaux[[#This Row],[Tantièmes]],2) -> 27.83 | H21: =ROUND($H$7/$D$7*Provision_Travaux[[#This Row],[Tantièmes]],2) -> 27.83 | I21: =ROUND($I$8/$D$8*Provision_Travaux[[#This Row],[Tantièmes]],2) -> 27.83 | J21: 0 | K21: =Provision_Travaux[[#This Row],[Avance 2021]]+Provision_Travaux[[#This Row],[Avance 2022]]+Provision_Travaux[[#This Row],[Avance 2023]]-Provision_Travaux[[#This Row],[Entretien]]+Provision_Travaux[[#This Row],[Avance 2024]] -> 111.32
B22: 450012 | D22: 49 | E22: =ROUND($E$4/$D$4*Provision_Travaux[[#This Row],[Tantièmes]],2) -> 24.8 | F22: =ROUND($F$5/$D$5*Provision_Travaux[[#This Row],[Tantièmes]],2) -> 24.8 | G22: =ROUND($G$6/$D$6*Provision_Travaux[[#This Row],[Tantièmes]],2) -> 24.8 | H22: =ROUND($H$7/$D$7*Provision_Travaux[[#This Row],[Tantièmes]],2) -> 24.8 | I22: =ROUND($I$8/$D$8*Provision_Travaux[[#This Row],[Tantièmes]],2) -> 24.8 | J22: 0 | K22: =Provision_Travaux[[#This Row],[Avance 2021]]+Provision_Travaux[[#This Row],[Avance 2022]]+Provision_Travaux[[#This Row],[Avance 2023]]-Provision_Travaux[[#This Row],[Entretien]]+Provision_Travaux[[#This Row],[Avance 2024]] -> 99.2
B23: 450013 | D23: 47 | E23: =ROUND($E$4/$D$4*Provision_Travaux[[#This Row],[Tantièmes]],2) -> 23.79 | F23: =ROUND($F$5/$D$5*Provision_Travaux[[#This Row],[Tantièmes]],2) -> 23.79 | G23: =ROUND($G$6/$D$6*Provision_Travaux[[#This Row],[Tantièmes]],2) -> 23.79 | H23: =ROUND($H$7/$D$7*Provision_Travaux[[#This Row],[Tantièmes]],2) -> 23.79 | I23: =ROUND($I$8/$D$8*Provision_Travaux[[#This Row],[Tantièmes]],2) -> 23.79 | J23: 0 | K23: =Provision_Travaux[[#This Row],[Avance 2021]]+Provision_Travaux[[#This Row],[Avance 2022]]+Provision_Travaux[[#This Row],[Avance 2023]]-Provision_Travaux[[#This Row],[Entretien]]+Provision_Travaux[[#This Row],[Avance 2024]] -> 95.16
... B28: 450018 | D28: 46 | E28: =ROUND($E$4/$D$4*Provision_Travaux[[#This Row],[Tantièmes]],2) -> 23.28 | F28: =ROUND($F$5/$D$5*Provision_Travaux[[#This Row],[Tantièmes]],2) -> 23.28 | G28: =ROUND($G$6/$D$6*Provision_Travaux[[#This Row],[Tantièmes]],2) -> 23.28 | H28: =ROUND($H$7/$D$7*Provision_Travaux[[#This Row],[Tantièmes]],2) -> 23.28 | I28: =ROUND($I$8/$D$8*Provision_Travaux[[#This Row],[Tantièmes]],2) -> 23.28 | J28: 0 | K28: =Provision_Travaux[[#This Row],[Avance 2021]]+Provision_Travaux[[#This Row],[Avance 2022]]+Provision_Travaux[[#This Row],[Avance 2023]]-Provision_Travaux[[#This Row],[Entretien]]+Provision_Travaux[[#This Row],[Avance 2024]] -> 93.12
E29: =SUBTOTAL(109,Provision_Travaux[Avance 2021]) -> 500.01 | F29: =SUBTOTAL(109,Provision_Travaux[Avance 2022]) -> 500.01 | G29: =SUBTOTAL(109,Provision_Travaux[Avance 2023]) -> 500.01 | H29: =SUBTOTAL(109,Provision_Travaux[Avance 2024]) -> 500.01 | I29: =SUBTOTAL(109,Provision_Travaux[Avance 2025]) -> 500.01 | J29: =SUBTOTAL(109,Provision_Travaux[Entretien]) -> 0 | K29: =SUBTOTAL(109,Provision_Travaux[SOLDE]) -> 2024.84
